 Dungeon Crawl Stone Soup version 0.24-a0-201-gf205589 (webtiles) character file.

Game seed: 502711554768794321

1217 Ijustatesigmund the Cudgeler (level 8, -4/54 HPs)
             Began as an Octopode Fighter on Mar 23, 2019.
             Was an Initiate of Cheibriados.
             Killed by divine providence
             ... invoked by an orc priest
              (14 damage)
             ... on level 7 of the Dungeon.
             The game lasted 00:09:34 (6321 turns).

Ijustatesigmund the Cudgeler (Octopode Fighter)     Turns: 6321, Time: 00:09:34

Health: -4/54      AC:  1    Str: 16    XL:     8   Next: 46%
Magic:  8/8        EV: 14    Int: 11    God:    Cheibriados [......]
Gold:   371        SH: 10    Dex: 15    Spells: 7/7 levels left

rFire    + . .     SeeInvis .   a - +2 flail
rCold    . . .     Gourm    .   b - +1 shield
rNeg     . . .     Faith    .   (helmet restricted)
rPois    .         Spirit   .   n - amulet of regeneration
rElec    .         Reflect  .   k - ring of protection from fire
rCorr    .         Harm     .   (no ring)
MR       .....                  (no ring)
Stlth    ++++......             (no ring)
HPRegen  0.58/turn              (no ring)
MPRegen  0.11/turn              (no ring)
                                (no ring)
                                (no ring)

@: very slow
A: almost no armour, stealthy swim, amphibious, 8 rings, constrict 8, camouflage
1, gelatinous body 1
a: Bend Time, Renounce Religion


You were on level 7 of the Dungeon.
You worshipped Cheibriados.
Cheibriados was noncommittal.
You were not hungry.

You visited 2 branches of the dungeon, and saw 8 of its levels.
You also visited: Sewer.

You collected 371 gold pieces.

Inventory:

Hand Weapons
 a - a +2 flail (weapon)
Armour
 b - a +1 shield (worn)
Jewellery
 h - an uncursed ring of fire
 k - a ring of protection from fire (left tentacle)
 n - an amulet of regeneration (around mantle)
 o - an uncursed amulet of the acrobat
Wands
 c - a wand of random effects (33)
 j - a wand of polymorph (14)
 m - a wand of flame (23)
 r - a wand of paralysis (7)
 s - a wand of iceblast (8)
Scrolls
 f - 5 scrolls of remove curse
 g - 5 scrolls of teleportation
 u - a scroll of noise {unknown}
 v - a scroll of identify
 w - a scroll of enchant armour
Potions
 e - a potion of flight
 i - 2 potions of curing
 p - a potion of cancellation
 q - a potion of invisibility
 t - a potion of lignification {unknown}
Comestibles
 d - 12 rations


   Skills:
 + Level 4.6 Fighting
 + Level 7.0 Maces & Flails
 + Level 4.7 Dodging
 - Level 4.4 Stealth
 + Level 4.7 Shields


You had 7 spell levels left.
You didn't know any spells.
Your spell library was empty.

Dungeon Overview and Level Annotations

Branches:
Dungeon (7/15)             Temple (1/1) D:7

Altars:
Ashenzari
Cheibriados
Dithmenos
Gozag
Nemelex Xobeh
Qazlal
Sif Muna
Trog
Uskayaw
Vehumet
Wu Jian
Xom
Yredelemnul

Annotations:
D:6 Prince Ribbit


Innate Abilities, Weirdness & Mutations

You cannot wear most types of armour.
You are very stealthy in the water. (Stealth+)
You are amphibious.
You can wear up to eight rings at the same time.
You can use your tentacles to constrict eight enemies at once.
Your skin changes colour to match your surroundings (Stealth+).
Your rubbery body absorbs attacks. (AC +1, EV +1)


Message History

The orc wizard hits you with a +0 dagger.
You hit the orc priest. Your grab misses the orc priest.
The orc priest is moderately wounded.
You constrict the orc wizard. The orc wizard misses you.
The orc priest hits you with a +0 dagger.
You hit the orc priest but do no damage.
You grab the orc priest.
The orc priest is moderately wounded.
You constrict the orc wizard.
You constrict the orc priest, but do no damage.
The orc wizard barely misses you. You block the orc priest's attack.
You hit the orc priest.
The orc priest is severely wounded.
You constrict the orc wizard. You constrict the orc priest.
The orc wizard points at you and mumbles some strange words.
The magic dart hits you!
* * * LOW HITPOINT WARNING * * *
The orc priest mumbles some strange prayers to Beogh against you.
Beogh smites you!
You die...

....###.####....
..........#######.. .. #
.....###......# ## .. #.
... #..#....#####.#. #..
.%..###............
#.....##...##...###..##[
...#..###..#..###.....
#.o#...#..#.....#
#@###.#.#.....#
#o#...#.#.#....#
#.#.>.#.#.#....#
#.#...#.#.#....#
.#.###.#.#.....# ..#
#.(#...... .#.
.#....<..P #...
........._ # . . .


You could see an orc priest and an orc wizard.

Vanquished Creatures
  Sigmund (D:2)
  A sky beast (D:7)
  2 ogres (D:4)
  2 bullfrogs
  A scorpion (D:3)
  A crimson imp (D:5)
  A quasit (D:5)
  Crazy Yiuf (D:3)
  2 orc priests (D:3)
  Ijyb (D:3)
  An iguana (D:6)
  2 orc wizards
  2 worker ants (D:4)
  14 adders
  3 river rats (D:6)
  3 gnolls (D:5)
  An adder zombie (D:5)
  An adder skeleton (D:6)
  3 worms
  A dart slug (D:3)
  4 leopard geckos
  13 orcs
  6 ball pythons
  6 giant cockroaches
  6 goblins
  10 hobgoblins
  6 jackals
  7 kobolds
  A quokka (D:6)
  6 bats
  9 frilled lizards
  A giant cockroach zombie (D:6)
  A quokka skeleton (D:4)
  11 rats
  A spectral orc (D:3)
  A fungus (D:3)
133 creatures vanquished.

Notes
Turn   | Place    | Note
-------+----------+-------------------------------------------
     0 | D:1      | Ijustatesigmund the Octopode Fighter began the quest for
                  | the Orb.
     0 | D:1      | Reached XP level 1. HP: 16/16 MP: 1/1
   455 | D:1      | Reached XP level 2. HP: 21/21 MP: 2/2
   534 | D:1      | Reached skill level 3 in Maces & Flails
   787 | D:2      | Reached XP level 3. HP: 21/26 MP: 3/3
  1095 | D:2      | Reached skill level 4 in Maces & Flails
  1098 | D:2      | Reached XP level 4. HP: 18/31 MP: 4/4
  1704 | D:2      | Noticed Sigmund
  2315 | D:2      | Killed Sigmund
  2315 | D:2      | Reached skill level 6 in Maces & Flails
  2315 | D:2      | Reached XP level 5. HP: 18/36 MP: 5/5
  2315 | D:2      | Reached XP level 6. HP: 21/42 MP: 6/6
  2526 | D:2      | Noticed a +0 hand axe
  2527 | D:2      | Noticed a +0 hand axe
  2528 | D:2      | Found a hide-covered altar of Uskayaw.
  2966 | D:3      | Noticed Ijyb
  2973 | D:3      | Paralysed by Ijyb for 2 turns
  2975 | D:3      | Killed Ijyb
  2995 | D:3      | Reached skill level 1 in Stealth
  3430 | D:3      | Found a faded altar of an unknown god.
  3592 | D:3      | Reached XP level 7. HP: 46/46 MP: 7/7
  3889 | D:3      | Found a basalt altar of Yredelemnul.
  4097 | D:3      | Found a runed translucent door.
  4098 | D:3      | Noticed Crazy Yiuf
  4106 | D:3      | Killed Crazy Yiuf
  5002 | D:5      | Entered Level 5 of the Dungeon
  5123 | D:5      | Reached XP level 8. HP: 48/54 MP: 8/8
  5140 | D:5      | Noticed a hippogriff
  5248 | D:6      | Found a radiant altar of Vehumet.
  5424 | D:6      | Noticed Prince Ribbit
  5641 | D:6      | Found a glowing drain.
  5652 | Sewer    | Entered a sewer
  5881 | D:6      | Found a sparkling altar of Nemelex Xobeh.
  6239 | D:7      | Found a bloodstained altar of Trog.
  6244 | D:7      | Found a staircase to the Ecumenical Temple.
  6252 | Temple   | Entered the Ecumenical Temple
  6287 | Temple   | Became a worshipper of Cheibriados the Contemplative
  6317 | D:7      | Reached skill level 7 in Maces & Flails
  6321 | D:7      | Killed from afar by an orc priest

Levels and vault maps discovered:
D:1:      tarquinn_simple_flora_water_d, layout_loops_corners
D:2:      layout_rooms, dancing_weapons_uskayaw, grunt_decor_fettered,
          uniq_sigmund
D:3:      layout_loops_ring, yredelemnul_forgotten_temple_becter,
          chequers_ecumenical_altar_simple_redux, uniq_crazy_yiuf_cottage,
          uniq_ijyb
D:4:      layout_rooms, first_ration
D:5:      corexii_shantytown, layout_gridville, lemuel_crystal_altar,
          basic_altar
D:6:      layout_basic, old_standard_altar, lemuel_doored_altar,
          portal_sewer_entry_e, uniq_prince_ribbit1
D:7:      layout_rooms, minmay_temple_entry_steel_oval, trog_ov_bears_minmay,
          uniq_joseph
Temple:   eino_temple_scatter_basement
Sewer:    sewer_frog_island_01

Skill      XL: |  1  2  3  4  5  6  7  8 |
---------------+-------------------------+-----
Maces & Flails | 3 4 6 7 |  7.0
Stealth        | 2 3 4 |  4.4
Fighting       | 4 |  4.6
Dodging        | 4 |  4.7
Shields        | 4 |  4.7

Action                   |  1- 3 |  4- 6 |  7- 9 || total
-------------------------+-------+-------+-------++-------
Melee: Flail             |    50 |    87 |   166 ||   303
       Constrict         |    13 |    22 |    41 ||    76
       Tentacles         |    10 |    11 |    33 ||    54
  Use: Scroll            |       |     6 |    11 ||    17
       Potion            |       |     2 |     4 ||     6
 Stab: Sleeping          |     4 |     3 |    11 ||    18
  Eat: Chunk             |       |     4 |     7 ||    11
       Ration            |       |     1 |     1 ||     2
Armor: Skin              |     1 |     4 |     4 ||     9
Dodge: Dodged            |    20 |    34 |    57 ||   111
Block: Shield            |    20 |    39 |    58 ||   117

Table legend:
 A = Non-vault XP
 B = Vault XP
 C = Vault XP percentage of total XP
 D = Non-vault monster count
 E = Vault monster count
 F = Vault count percentage of total count
                 A         B        C        D         E       F
            +---------+---------+-------+---------+---------+-------
      Total |    1251 |     488 |  28.1 |     103 |      29 |  22.0
            +---------+---------+-------+---------+---------+-------
        D:1 |      33 |       0 |   0.0 |      20 |       0 |   0.0
        D:2 |     133 |     242 |  64.5 |      28 |       1 |   3.4
        D:3 |     272 |      79 |  22.5 |      23 |       3 |  11.5
        D:4 |     318 |       0 |   0.0 |       9 |       0 |   0.0
        D:5 |     195 |       0 |   0.0 |      12 |       0 |   0.0
        D:6 |      75 |      49 |  39.5 |       8 |       8 |  50.0
        D:7 |     225 |       0 |   0.0 |       3 |       0 |   0.0
      Sewer |       0 |     118 | 100.0 |       0 |      17 | 100.0
            +---------+---------+-------+---------+---------+-------
